AoeStats
← Carmine Laguzio

Arabia

503534049Analyzed
4v4 RM · 29d ago on Sep 1, 2026· 59m 45s· 8 players
Game mode
Random Map
Map size
Large (8 player)
Population
200
Speed
Normal
Resources
Standard
Victory
Conquest
Starting age
Dark Age
Ending age
Imperial Age
RankedLock teamsTeams togetherTeam positionsShared explorationLock speedFull tech treeHidden civsTurbo modeCheats
Victory
Defeat
🇦🇷 Sicilians · Argentina
792
+15
🇨🇱 Aztecs · Chile
789
+15
🇫🇷 Turks · France
785
+15
🇧🇷 Poles · Brazil
784
+15
🇺🇸 Magyars · United States
775
-15
🇺🇸 Franks · United States
764
-15
🇺🇸 Berbers · United States
761
-15
🇺🇸 Byzantines · United States
756
-15
OneO'ThemRangers
13:46 Feudal Age
12:28 Loom
14:40 Feudal Age
22:45 Castle Age
41:48 Wheelbarrow
44:50 Fletching
45:02 Padded Archer Armor
47:09 Bodkin Arrow
49:23 Leather Archer Armor
54:27 Imperial Age
53:35 Thumb Ring
56:18 Bracer
56:50 Ring Archer Armor
Randlord
12:12 Feudal Age
13:54 Wheelbarrow
13:05 Horse Collar
14:34 Double-Bit Axe
14:44 Gold Mining
21:12 Castle Age
43:10 Scale Barding Armor
47:43 Chain Barding Armor
48:19 Bloodlines
48:31 Bow Saw
48:56 Hand Cart
48:56 Heavy Plow
53:25 Imperial Age
50:42 Loom
52:21 Husbandry
53:21 Light Cavalry
53:45 Elite Genitour
56:48 Plate Barding Armor
56:47 Hussar
Carmine Laguzio
13:42 Feudal Age
24:39 Castle Age
25:10 Double-Bit Axe
27:25 Bow Saw
29:51 Gold Mining
32:17 Wheelbarrow
33:24 Hand Cart
32:55 Horse Collar
41:36 Imperial Age
41:11 Heavy Plow
42:30 Onager
43:14 Husbandry
42:35 Cavalier
43:03 Gambesons
43:19 Squires
43:05 Arson
42:40 Pikeman
44:09 Crop Rotation
44:07 Thumb Ring
43:23 Elite Skirmisher
45:16 Paladin
45:17 Heavy Camel Rider
48:57 Conscription
52:26 Scale Mail Armor
52:37 Forging
53:33 Two-Man Saw
58:22 Caravan
58:07 Halberdier
Tony el Tigre
0:29 Loom
12:24 Feudal Age
17:02 Man-at-Arms
24:39 Wheelbarrow
30:04 Castle Age
31:02 Scale Mail Armor
30:57 Pikeman
34:02 Double-Bit Axe
39:07 Gold Mining
40:32 Hand Cart
44:43 Elite Skirmisher
49:17 Bow Saw
49:42 Padded Archer Armor
52:55 Imperial Age
53:26 Halberdier
Dremora
5:01 Loom
14:03 Feudal Age
14:34 Double-Bit Axe
14:30 Horse Collar
24:24 Castle Age
22:33 Fletching
23:04 Stone Mining
23:06 Gold Mining
27:21 Gold Shaft Mining
27:22 Stone Shaft Mining
28:59 Wheelbarrow
28:10 Town Watch
28:32 Caravan
28:25 Crossbowman
29:40 Bodkin Arrow
30:04 Heavy Plow
30:35 Bow Saw
32:34 Hand Cart
35:58 Fortified Wall
36:09 Ballistics
39:08 Imperial Age
37:03 Forging
37:14 Treadmill Crane
39:36 Iron Casting
39:01 Scale Mail Armor
39:03 Padded Archer Armor
39:02 Murder Holes
40:21 Crop Rotation
40:55 Chemistry
40:01 Siege Engineers
40:49 Town Patrol
41:03 Elite Jaguar Warrior
42:06 Conscription
42:51 Squires
42:37 Arson
42:12 Pikeman
43:55 Blast Furnace
43:10 Chain Mail Armor
42:56 Bracer
43:39 Arbalester
43:40 Elite Skirmisher
44:59 Garland Wars
44:44 Atlatl
48:18 Onager
48:21 Capped Ram
49:50 Plate Mail Armor
49:36 Leather Archer Armor
49:36 Siege Ram
52:47 Siege Onager
53:47 Eagle Warrior
54:15 Gambesons
SosoAllstar
11:41 Feudal Age
9:59 Loom
12:18 Double-Bit Axe
12:16 Horse Collar
15:55 Wheelbarrow
20:00 Castle Age
21:01 Bow Saw
20:54 Heavy Plow
24:20 Hand Cart
26:06 Fervor
26:27 Gold Mining
27:26 Ballistics
28:21 Sanctity
29:57 Gold Shaft Mining
29:59 Caravan
33:38 Imperial Age
33:09 Fletching
33:19 Padded Archer Armor
33:45 Masonry
36:17 Two-Man Saw
37:39 Bloodlines
37:30 Husbandry
37:30 Bodkin Arrow
37:51 Leather Archer Armor
37:47 Forging
37:42 Scale Barding Armor
50:33 Bracer
51:04 Ring Archer Armor
51:10 Iron Casting
50:56 Chain Barding Armor
58:49 Sipahi
57:55 Elite Janissary
58:58 Conscription
58:27 Capped Ram
Caduzera
9:13 Feudal Age
9:45 Double-Bit Axe
13:03 Bloodlines
17:07 Gold Mining
18:07 Horse Collar
23:15 Castle Age
23:19 Stone Mining
24:55 Stone Shaft Mining
25:16 Forging
25:41 Light Cavalry
27:15 Wheelbarrow
28:59 Bow Saw
36:35 Imperial Age
38:44 Lechitic Legacy
38:47 Conscription
38:37 Scale Barding Armor
40:08 Cavalier
45:23 Iron Casting
52:23 Blast Furnace
51:44 Chain Barding Armor
GodNeftis
8:11 Loom
48:13 Feudal Age
50:23 Double-Bit Axe
50:21 Horse Collar
50:33 Gold Mining
53:15 Castle Age
54:57 Heavy Plow
55:12 Bow Saw
55:39 Gold Shaft Mining
54:55 Stone Mining
57:30 Stone Shaft Mining
59:10 Murder Holes
Connection lost

Rejoining the realm…

Still unreachable

The connection could not be restored.

Session expired

The server has moved on; the page needs a fresh start.